TOP OF THE 1ST |
Minnesota ManBearPigs batting - Pitching for Rio Grande Rattlesnake : RHP Manny Silva
|
Pitching: RHP Manny Silva
|
|
Batting: RHB Carlos López
|
0-0: Called Strike 0-1: Foul Ball, location: 2F 0-2: Strikes out swinging
|
Batting: RHB Chris Burrell
|
0-0: Called Strike 0-1: Ball 1-1: Foul Ball, location: 2F 1-2: Strikes out looking
|
Batting: LHB Elvin Summers
|
0-0: Fly out, F7 (Flyball, 7LS)
|
Top of the 1st over - 0 run(s), 0 hit(s), 0 error(s), 0 left on base; Minnesota 0 - Rio Grande 0 |
BOTTOM OF THE 1ST |
Rio Grande Rattlesnake batting - Pitching for Minnesota ManBearPigs : RHP Curt Howard
|
Pitching: RHP Curt Howard
|
|
Batting: RHB Jaime Delgado
|
0-0: Called Strike 0-1: Ball 1-1: Fly out, F8 (Flyball, 8LM)
|
Batting: SHB William Daly
|
0-0: Called Strike 0-1: Ground out 5-3 (Groundball, 56)
|
Batting: RHB Hollis Wood
|
0-0: Ball 1-0: Ball 2-0: DOUBLE (Line Drive, 7LM)
|
Batting: LHB Claudio Rodríguez
|
0-0: Foul Ball, location: 2F 0-1: Ball 1-1: Foul Ball, location: 2F 1-2: Foul Ball, location: 2F 1-2: Strikes out swinging
|
Bottom of the 1st over - 0 run(s), 1 hit(s), 0 error(s), 1 left on base; Minnesota 0 - Rio Grande 0 |
TOP OF THE 2ND |
Minnesota ManBearPigs batting - Pitching for Rio Grande Rattlesnake : RHP Manny Silva
|
Batting: RHB Jeffrey Hicks
|
0-0: Ball 1-0: Ball 2-0: Ball 3-0: Called Strike 3-1: Base on Balls
|
Batting: LHB Dave Raines
|
0-0: Foul Ball, location: 2F 0-1: Swinging Strike 0-2: Foul Ball, location: 2F 0-2: Ball 1-2: Ball 2-2: Strikes out swinging
|
Batting: RHB Ricardo Salazar
|
0-0: Ball 1-0: Ball 2-0: Ball 3-0: Called Strike 3-1: Base on Balls Jeffrey Hicks to second
|
Batting: RHB Jorge Mora
|
0-0: Fly out, F3 (Line Drive, 34)
|
Batting: RHB Tom Hicks
|
0-0: Ball 1-0: Called Strike 1-1: Fly out, F7 (Flyball, 7)
|
Top of the 2nd over - 0 run(s), 0 hit(s), 0 error(s), 2 left on base; Minnesota 0 - Rio Grande 0 |
BOTTOM OF THE 2ND |
Rio Grande Rattlesnake batting - Pitching for Minnesota ManBearPigs : RHP Curt Howard
|
Batting: RHB Iván De Jesús
|
0-0: Called Strike 0-1: Ball 1-1: Swinging Strike 1-2: Foul Ball, location: 2F 1-2: Ball 2-2: Ball 3-2: DOUBLE (Line Drive, 7LM)
|
Batting: RHB Jeff Bane
|
0-0: Foul Ball, location: 2F 0-1: Ball 1-1: Fly out, F8 (Flyball, 89M)
|
Batting: RHB David Suarze
|
0-0: Called Strike Iván De Jesús steals 3rd base 0-1: Foul Ball, location: 2F 0-2: Ball 1-2: Ball 2-2: SINGLE (Groundball, 6MD) Iván De Jesús scores
|
Batting: RHB Paul Martin
|
0-0: Ball 1-0: Called Strike David Suarze is caught stealing 2nd base 1-1: Swinging Strike 1-2: Ball 2-2: Ground out 6-3 (Groundball, 6)
|
Bottom of the 2nd over - 1 run(s), 2 hit(s), 0 error(s), 0 left on base; Minnesota 0 - Rio Grande 1 |
TOP OF THE 3RD |
Minnesota ManBearPigs batting - Pitching for Rio Grande Rattlesnake : RHP Manny Silva
|
Batting: RHB Carlos Luna
|
0-0: Fly out, F9 (Flyball, 9)
|
Batting: RHB Carlos López
|
0-0: Foul Ball, location: 2F 0-1: Foul Ball, location: 2F 0-2: Ball 1-2: Ball 2-2: Strikes out swinging
|
Batting: RHB Chris Burrell
|
0-0: Ball 1-0: Called Strike 1-1: Foul Ball, location: 2F 1-2: Strikes out swinging
|
Top of the 3rd over - 0 run(s), 0 hit(s), 0 error(s), 0 left on base; Minnesota 0 - Rio Grande 1 |
BOTTOM OF THE 3RD |
Rio Grande Rattlesnake batting - Pitching for Minnesota ManBearPigs : RHP Curt Howard
|
Batting: SHB Jeremy Holmes
|
0-0: SINGLE (Groundball, 34S) (infield hit)
|
Batting: RHB Jaime Delgado
|
0-0: Fly out, F9 (Flyball, 9LM)
|
Batting: SHB William Daly
|
0-0: Foul Ball, location: 2F 0-1: Ball 1-1: Ball 2-1: Swinging Strike 2-2: Grounds into double play, 6-4-3 (Groundball, 6)
|
Bottom of the 3rd over - 0 run(s), 1 hit(s), 0 error(s), 0 left on base; Minnesota 0 - Rio Grande 1 |
TOP OF THE 4TH |
Minnesota ManBearPigs batting - Pitching for Rio Grande Rattlesnake : RHP Manny Silva
|
Batting: LHB Elvin Summers
|
0-0: Ball 1-0: Ground out 3-1 (Groundball, 34S)
|
Batting: RHB Jeffrey Hicks
|
0-0: Ball 1-0: Called Strike 1-1: Ball 2-1: Ground out 6-3 (Groundball, 6)
|
Batting: LHB Dave Raines
|
0-0: Called Strike 0-1: Ball 1-1: Called Strike 1-2: Foul Ball, location: 2F 1-2: Ball 2-2: Ball 3-2: SINGLE (Line Drive, 89M)
|
Batting: RHB Ricardo Salazar
|
0-0: Fly out, F7 (Flyball, 78D)
|
Top of the 4th over - 0 run(s), 1 hit(s), 0 error(s), 1 left on base; Minnesota 0 - Rio Grande 1 |
BOTTOM OF THE 4TH |
Rio Grande Rattlesnake batting - Pitching for Minnesota ManBearPigs : RHP Curt Howard
|
Batting: RHB Hollis Wood
|
0-0: Foul Ball, location: 2F 0-1: Foul Ball, location: 2F 0-2: Foul Ball, location: 2F 0-2: SINGLE (Groundball, 34D)
|
Batting: LHB Claudio Rodríguez
|
0-0: Ball 1-0: Ball 2-0: Ball 3-0: Base on Balls Hollis Wood to second
|
Batting: RHB Iván De Jesús
|
0-0: Called Strike 0-1: Foul Ball, location: 2F 0-2: Ball 1-2: Foul Ball, location: 2F 1-2: Foul Ball, location: 2F 1-2: Ball 2-2: Foul Ball, location: 2F 2-2: SINGLE (Groundball, 6MD) Hollis Wood to third Claudio Rodríguez to second
|
Batting: RHB Jeff Bane
|
0-0: Foul Ball, location: 2F 0-1: Swinging Strike 0-2: Strikes out swinging
|
Batting: RHB David Suarze
|
0-0: Called Strike 0-1: Ball 1-1: Swinging Strike 1-2: Ball 2-2: Ball 3-2: Base on Balls Hollis Wood scores Claudio Rodríguez to third Iván De Jesús to second
|
Batting: RHB Paul Martin
|
0-0: Swinging Strike 0-1: Grounds into double play, 6-2-3 (Groundball, 6)
|
Bottom of the 4th over - 1 run(s), 2 hit(s), 0 error(s), 2 left on base; Minnesota 0 - Rio Grande 2 |
TOP OF THE 5TH |
Minnesota ManBearPigs batting - Pitching for Rio Grande Rattlesnake : RHP Manny Silva
|
Batting: RHB Jorge Mora
|
0-0: Fly out, F6 (Popup, 6D)
|
Batting: RHB Tom Hicks
|
0-0: Foul Ball, location: 2F 0-1: Called Strike 0-2: Ball 1-2: Foul Ball, location: 2F 1-2: Strikes out looking
|
Batting: RHB Carlos Luna
|
0-0: Called Strike 0-1: Foul Ball, location: 2F 0-2: Ground out 6-3 (Groundball, 6)
|
Top of the 5th over - 0 run(s), 0 hit(s), 0 error(s), 0 left on base; Minnesota 0 - Rio Grande 2 |
BOTTOM OF THE 5TH |
Rio Grande Rattlesnake batting - Pitching for Minnesota ManBearPigs : RHP Curt Howard
|
Batting: SHB Jeremy Holmes
|
0-0: Called Strike 0-1: Ball 1-1: Foul Ball, location: 2F 1-2: Strikes out swinging
|
Batting: RHB Jaime Delgado
|
0-0: Ball 1-0: Ball 2-0: Swinging Strike 2-1: SINGLE (Line Drive, 89S)
|
Batting: SHB William Daly
|
0-0: Ball 1-0: Fly out, F7 (Flyball, 7D)
|
Batting: RHB Hollis Wood
|
0-0: Ball 1-0: Fly out, F6 (Popup, 56D)
|
Bottom of the 5th over - 0 run(s), 1 hit(s), 0 error(s), 1 left on base; Minnesota 0 - Rio Grande 2 |
TOP OF THE 6TH |
Minnesota ManBearPigs batting - Pitching for Rio Grande Rattlesnake : RHP Manny Silva
|
Batting: RHB Carlos López
|
0-0: Ball 1-0: Foul Ball, location: 2F 1-1: Ball 2-1: Swinging Strike 2-2: Foul Ball, location: 2F 2-2: Ground out 4-3 (Groundball, 4)
|
Batting: RHB Chris Burrell
|
0-0: Called Strike 0-1: Ball 1-1: Ball 2-1: Called Strike 2-2: Foul Ball, location: 2F 2-2: Ground out 5-3 (Groundball, 56S)
|
Batting: LHB Elvin Summers
|
0-0: Ground out 6-3 (Groundball, 6)
|
Top of the 6th over - 0 run(s), 0 hit(s), 0 error(s), 0 left on base; Minnesota 0 - Rio Grande 2 |
BOTTOM OF THE 6TH |
Rio Grande Rattlesnake batting - Pitching for Minnesota ManBearPigs : RHP Curt Howard
|
Batting: LHB Claudio Rodríguez
|
0-0: Called Strike 0-1: Ball 1-1: Ball 2-1: Foul Ball, location: 2F 2-2: Ground out U3 (Groundball, 34S)
|
Batting: RHB Iván De Jesús
|
0-0: Called Strike 0-1: Called Strike 0-2: Ball 1-2: SINGLE (Groundball, 56D)
|
Pitching: RHP Brad White
|
|
Batting: RHB Jeff Bane
|
0-0: Ball 1-0: Fly out, F7 (Line Drive, 7S)
|
Batting: RHB David Suarze
|
0-0: Ball 1-0: SINGLE (Groundball, 6D) Iván De Jesús to second Runner from 2nd tries for 3rd, SAFE, throw made to third
|
Batting: RHB Paul Martin
|
0-0: Ball 1-0: Called Strike 1-1: Ball 2-1: Ground out 5-3 (Groundball, 56S)
|
Bottom of the 6th over - 0 run(s), 2 hit(s), 0 error(s), 2 left on base; Minnesota 0 - Rio Grande 2 |
TOP OF THE 7TH |
Minnesota ManBearPigs batting - Pitching for Rio Grande Rattlesnake : RHP Manny Silva
|
Batting: RHB Jeffrey Hicks
|
0-0: Called Strike 0-1: Ball 1-1: Ball 2-1: Swinging Strike 2-2: Ball 3-2: Base on Balls
|
Batting: LHB Dave Raines
|
0-0: Called Strike 0-1: Ball 1-1: Ball 2-1: Fly out, F9 (Flyball, 89M)
|
Batting: RHB Ricardo Salazar
|
0-0: Called Strike 0-1: Ball 1-1: Swinging Strike 1-2: Foul Ball, location: 2F 1-2: Ball 2-2: Strikes out swinging Jeffrey Hicks steals 2nd base Batter strikes out.
|
Batting: RHB Jorge Mora
|
0-0: Called Strike 0-1: Swinging Strike 0-2: Ball 1-2: Strikes out looking
|
Top of the 7th over - 0 run(s), 0 hit(s), 0 error(s), 1 left on base; Minnesota 0 - Rio Grande 2 |
BOTTOM OF THE 7TH |
Rio Grande Rattlesnake batting - Pitching for Minnesota ManBearPigs : RHP Brad White
|
Batting: SHB Jeremy Holmes
|
0-0: Called Strike 0-1: Foul Ball, location: 2F 0-2: Strikes out swinging
|
Batting: RHB Jaime Delgado
|
0-0: Ball 1-0: Ball 2-0: Ball 3-0: Called Strike 3-1: Foul Ball, location: 2F 3-2: Ground out 5-3 (Groundball, 5)
|
Batting: SHB William Daly
|
0-0: Ball 1-0: Ball 2-0: SINGLE (Groundball, 34D)
|
Batting: RHB Hollis Wood
|
0-0: Ball 1-0: Ball 2-0: Ball 3-0: Called Strike 3-1: Base on Balls William Daly to second
|
Batting: LHB Claudio Rodríguez
|
0-0: Ball 1-0: Foul Ball, location: 2F 1-1: Ball 2-1: Foul Ball, location: 2F 2-2: Foul Ball, location: 2F 2-2: Ball 3-2: Base on Balls William Daly to third Hollis Wood to second
|
Batting: RHB Iván De Jesús
|
0-0: Fly out, F2 (Popup, 2R)
|
Bottom of the 7th over - 0 run(s), 1 hit(s), 0 error(s), 3 left on base; Minnesota 0 - Rio Grande 2 |
TOP OF THE 8TH |
Minnesota ManBearPigs batting - Pitching for Rio Grande Rattlesnake : RHP Manny Silva
|
Batting: RHB Tom Hicks
|
0-0: Ball 1-0: Called Strike 1-1: Ball 2-1: Ball 3-1: Ground out 5-3 (Groundball, 56)
|
Pitching: RHP Juan Gutiérrez
|
|
Batting: RHB Carlos Luna
|
0-0: Called Strike 0-1: Called Strike 0-2: Foul Ball, location: 2F 0-2: Ball 1-2: Ground out 6-3 (Groundball, 6)
|
Batting: RHB Carlos López
|
0-0: Swinging Strike 0-1: Swinging Strike 0-2: Foul Ball, location: 2F 0-2: Ball 1-2: Foul Ball, location: 2F 1-2: Ball 2-2: SINGLE (Groundball, 56D)
|
Pitching: RHP Neil Snow
|
|
Batting: RHB Chris Burrell
|
0-0: Swinging Strike 0-1: Hit by Pitch Carlos López to second
|
Batting: LHB Elvin Summers
|
0-0: Ball 1-0: Ball 2-0: Called Strike 2-1: Ground out 6-3 (Groundball, 6)
|
Top of the 8th over - 0 run(s), 1 hit(s), 0 error(s), 2 left on base; Minnesota 0 - Rio Grande 2 |
BOTTOM OF THE 8TH |
Rio Grande Rattlesnake batting - Pitching for Minnesota ManBearPigs : RHP Brad White
|
Pitching: RHP Ernesto González
|
|
Batting: RHB Jeff Bane
|
0-0: Ball 1-0: Foul Ball, location: 2F 1-1: Ball 2-1: Ball 3-1: Base on Balls
|
Batting: RHB David Suarze
|
0-0: Ball 1-0: Ball 2-0: SINGLE (Line Drive, 7LS) Jeff Bane to second
|
Batting: RHB Paul Martin
|
0-0: Called Strike 0-1: Bunted foul 0-2: Ball 1-2: Grounds into double play, 5-4-3 (Groundball, 5) Jeff Bane to third
|
Batting: SHB Jeremy Holmes
|
0-0: Called Strike 0-1: SINGLE (Groundball, 3D) Jeff Bane scores
|
Batting: RHB Jaime Delgado
|
0-0: Ball 1-0: Ball 2-0: Ball 3-0: Called Strike 3-1: Base on Balls Jeremy Holmes to second
|
Batting: SHB William Daly
|
0-0: Ball 1-0: Fielders Choice at 2nd, 4-6 (Groundball, 34)
|
Bottom of the 8th over - 1 run(s), 2 hit(s), 0 error(s), 1 left on base; Minnesota 0 - Rio Grande 3 |
TOP OF THE 9TH |
Minnesota ManBearPigs batting - Pitching for Rio Grande Rattlesnake : RHP Neil Snow
|
Pitching: RHP Adrián Mora
|
|
Batting: RHB Jeffrey Hicks
|
0-0: Foul Ball, location: 2F 0-1: Called Strike 0-2: Ball 1-2: Ball 2-2: Ball 3-2: Foul Ball, location: 2F 3-2: Strikes out swinging
|
Batting: LHB Dave Raines
|
0-0: Ball 1-0: Called Strike 1-1: SINGLE (Groundball, 4MD)
|
Batting: RHB Ricardo Salazar
|
0-0: Ball 1-0: Swinging Strike 1-1: Foul Ball, location: 2F 1-2: Strikes out swinging
|
Batting: RHB Jorge Mora
|
0-0: Foul Ball, location: 2F 0-1: Called Strike 0-2: Fly out, F6 (Line Drive, 6)
|
Top of the 9th over - 0 run(s), 1 hit(s), 0 error(s), 1 left on base; Minnesota 0 - Rio Grande 3 |
|